Cogmind - Beta 13 @@@ ROGUE MODE // 2024.03.26 @ 07:18:34 // Winter2019/RPGLIKE Player: 3.2.1.HEAT DEATH Result: Core destroyed Performance ------------- Evolutions (2) 1000 Regions Visited (6) 1200 Robots Destroyed (67) 335 Value Destroyed (2042) 2042 Prototype IDs (23) 460 Alien Tech Used (0) 0 Bonus (393) 393 TOTAL SCORE: 5430 Bonus ------- High Alert Combat Kills 523 Follower Combat Kills 83 Entered Garrisons 200 Aligned with FarCom 300 Friendly Fire -713 Cogmind --------- Core Integrity 0/600 Matter 288/300 Energy 258/415 System Corruption 68% Temperature Critical (676) Movement Rolling (115) Ox1 Location -8/Garrison Parts ------- > --- POWER (3) -------- Backup Power I Improved Ion Engine Light Angular Momentum Engine > --- PROPULSION (2) --- Armored Huge Wheel > --- UTILITY (3) ------ Modified TNC Hardlight Generator > --- WEAPON (5) ------- Medium Laser Beam Rifle Beam Rifle Beam Rifle Latent Energy Streamer > --- INVENTORY (1) ---- (None) Peak State ------------ > --- POWER ------------ Backup Power I Improved Ion Engine Light Angular Momentum Engine > --- PROPULSION ------- Armored Huge Wheel > --- UTILITY ---------- Modified TNC Backup Plating I Hardlight Generator > --- WEAPON ----------- Medium Laser Beam Rifle Beam Rifle Beam Rifle Latent Energy Streamer > --- INVENTORY -------- (None) [Rating: 43] Favorites ----------- Power Light Ion Engine Engine Light Ion Engine Power Core Nuclear Core Propulsion Wheel Treads Light Treads Leg Aluminum Leg Wheel Wheel Utility Modified TNC Device Hardlight Generator Processor Modified TNC Protection Backup Plating I Weapon Medium Laser Energy Gun Medium Laser Energy Cannon Latent Energy Streamer Special Weapon Mining Laser Build | -11 -10 -10 -10 -9 -8 -8 ------- Run | Yrd Mat Min Exi Min Mat Gar Slots Evolved 9 | 4 . . . . 3 2 Power 2 | . . . . . . 2 Propulsion 1 | . . . . . 1 . Utility 2 | 1 . . . . 1 . Weapon 4 | 3 . . . . 1 . Parts Attached 30 | 8 . 2 3 . 14 3 Power 6 | 1 . . . . 3 2 Engine 5 | 1 . . . . 2 2 Core 1 | . . . . . 1 . Reactor . | . . . . . . . Propulsion 6 | 1 . . . . 5 . Treads 2 | . . . . . 2 . Leg 2 | . . . . . 2 . Wheel 2 | 1 . . . . 1 . Hover . | . . . . . . . Flight . | . . . . . . . Utility 9 | 2 . 2 1 . 4 . Device 3 | 2 . . . . 1 . Storage . | . . . . . . . Processor 1 | . . . 1 . . . Hackware . | . . . . . . . Protection 5 | . . 2 . . 3 . Artifact . | . . . . . . . Weapon 9 | 4 . . 2 . 2 1 Energy Gun 6 | 2 . . 1 . 2 1 Energy Cannon 1 | . . . 1 . . . Ballistic Gun . | . . . . . . . Ballistic Cannon . | . . . . . . . Launcher . | . . . . . . . Special Weapon 2 | 2 . . . . . . Impact Weapon . | . . . . . . . Slashing Weapon . | . . . . . . . Piercing Weapon . | . . . . . . . Special Melee Weapon . | . . . . . . . Unidentified Prototypes . | . . . . . . . Corrupted Parts 3 | . . . . . . 3 System Corruption 15 | . . . . . . 15 Parts Lost 2 | . . . . . 1 1 Power . | . . . . . . . Propulsion . | . . . . . . . Utility 2 | . . . . . 1 1 Weapon . | . . . . . . . Highest Loss Streak 1 | . . . . . 1 1 To Critical Strikes . | . . . . . . . Average Slot Usage (%) 84 | . 100 100 94 87 74 88 Engine 13 | . 12 12 12 12 9 18 Wheel 9 | . 12 12 12 12 9 7 Device 7 | . 25 8 . . 8 7 Processor 7 | . . . 5 12 9 7 Protection 9 | . . 16 19 12 6 7 Energy Gun 23 | . 25 25 25 25 17 29 Energy Cannon 7 | . . . 5 12 9 7 Special Weapon 3 | . 25 25 14 . . . Naked Turns . | . . . . . . . Heaviest Build 44 | 11 11 11 24 24 38 44 Greatest Support 28 | 10 10 10 10 10 28 28 Greatest Overweight (x) 3 | 1 1 1 2 2 3 1 Average Overweight (x) 1 | . 1 1 1 2 1 . Largest Inventory Capacity 1 | . . . . . 1 1 Average Capacity . | . . . . . . 1 Most Carried 1 | . . . . . 1 . Average Carried . | . . . . . . . Final Capacity 1 | . . . . . 1 1 Final Carried 1 | . . . . . 1 . Class Distribution -------------------- 21% | Skirmisher 18% | Tank 18% | Scavenger-Tank 15% | Gunner 12% | Mutant 10% | Scavenger-Gunner Dominant Class ---------------- Scavenger-Gunner | -10/Materials Gunner | -10/Mines Gunner | -10/Exiles Skirmisher | -9/Mines Skirmisher | -8/Materials Scavenger-Tank | -8/Garrison Resources | -11 -10 -10 -10 -9 -8 -8 ----------- Run | Yrd Mat Min Exi Min Mat Gar Matter Collected 576 | 232 . . . 20 233 91 Remotely . | . . . . . . . Salvage Created 2799 | 134 . . . . 1514 1151 Parts 130 | 11 . . . . 55 64 Haulers Intercepted 1 | . . . . . 1 . Recyclers Shooed 2 | . . . . . 2 . Parts Field Recycled . | . . . . . . . Retrieved Matter . | . . . . . . . Parts Self-Destructed . | . . . . . . . Prevented . | . . . . . . . Kills | -11 -10 -10 -10 -9 -8 -8 ------- Run | Yrd Mat Min Exi Min Mat Gar Combat Hostiles Destroyed 54 | . . . . . 28 26 Guns 19 | . . . . . 16 3 AOE 28 | . . . . . 9 19 Classes Destroyed 13 | 2 . . . . 11 . Worker 1 | . . . . . 1 . Tunneler 4 | 4 . . . . . . Hauler 1 | . . . . . 1 . Recycler 2 | 1 . . . . 1 . Operator 1 | . . . . . 1 . Watcher 1 | . . . . . 1 . Swarmer 18 | . . . . . 4 14 Grunt 21 | . . . . . 12 9 Brawler 2 | . . . . . 1 1 Sentry 6 | . . . . . 4 2 Specialist 4 | . . . . . 4 . Hunter 2 | . . . . . 2 . Heavy 1 | . . . . . 1 . Thug 2 | . . . . . . 2 Savage 1 | . . . . . . 1 Best Kill Streak 7 | 2 . . . . 6 7 Combat Bots Only 7 | . . . . . 5 7 Max Kills in Single Turn 5 | 1 . . . . 5 5 Gunslinging . | . . . . . . . Exploded 4 | . . . . . 4 4 Melee . | . . . . . . . Uniques/NPCs Destroyed . | . . . . . . . Combat | -11 -10 -10 -10 -9 -8 -8 -------- Run | Yrd Mat Min Exi Min Mat Gar Hostile Shots Fired 141 | . . . . . 104 37 Missed 41 | . . . . . 30 11 Damage Taken 1976 | . . . . . 1175 801 Core 1504 | . . . . . 872 632 Absorbed by Shields 404 | . . . . . 288 116 Redirected to Core 1088 | . . . . . 690 398 Ignored by Resistances 15 | . . . . . 15 . Core Remaining (%) 100 | 100 . . . 100 . . Volleys Fired 128 | 19 . . . . 80 29 Largest 4 | 3 . . . . 3 4 Hottest 218 | 200 . . . . 166 218 Shots Fired 230 | 39 . . . . 148 43 Gun 204 | 34 . . . . 144 26 Cannon 21 | . . . . . 4 17 Launcher . | . . . . . . . Special 5 | 5 . . . . . . Kinetic . | . . . . . . . Thermal 209 | 39 . . . . 144 26 Explosive . | . . . . . . . Electromagnetic 21 | . . . . . 4 17 Robot Hit Streak 20 | 6 . . . . 20 6 Robot Miss Streak 3 | 3 . . . . 2 2 Penetration Max . | . . . . . . . Secondary Targets . | . . . . . . . Autonomous 63 | . . . . . 63 . Shots Hit Robots 158 | 23 . . . . 113 22 Core Hits 96 | 6 . . . . 47 43 Critical Kills . | . . . . . . . Critical Parts Destroyed . | . . . . . . . Critical Strikes 11 | 2 . . . . 7 2 Burn 11 | 2 . . . . 7 2 Melee Attacks . | . . . . . . . Impact . | . . . . . . . Slashing . | . . . . . . . Piercing . | . . . . . . . Sneak Attacks . | . . . . . . . Combat Hostiles . | . . . . . . . Follow-up Attacks . | . . . . . . . Damage Inflicted 7048 | 309 . . . . 4145 2594 Guns 2790 | 261 . . . . 2361 168 Cannons 106 | . . . . . 22 84 Explosions 4104 | . . . . . 1762 2342 Melee . | . . . . . . . Ramming . | . . . . . . . Kinetic . | . . . . . . . Thermal 2838 | 309 . . . . 2361 168 Explosive . | . . . . . . . Electromagnetic 4210 | . . . . . 1784 2426 Impact . | . . . . . . . Slashing . | . . . . . . . Piercing . | . . . . . . . Highest Corruption 68 | . . . . . 16 68 Average Corruption 24 | . . . . . 5 45 Corruption Purged . | . . . . . . . Corruption Blocked . | . . . . . . . Effects 57 | . . . . . 15 42 Message Errors 10 | . . . . . 4 6 Matter Fused 14 | . . . . . 4 10 Heat Flow Errors 7 | . . . . . 2 5 Energy Discharges 6 | . . . . . 1 5 Data Loss (minor) 5 | . . . . . 3 2 Data Loss (major) 2 | . . . . . . 2 Misfires 3 | . . . . . 1 2 Misdirections 1 | . . . . . . 1 Weapon Failures 9 | . . . . . . 9 Overload Shots . | . . . . . . . Overflow Damage 147 | 8 . . . . 79 60 Projectiles 8 | 8 . . . . . . Explosions 139 | . . . . . 79 60 Melee . | . . . . . . . Knockbacks . | . . . . . . . Impact . | . . . . . . . Kinetic . | . . . . . . . Secondary . | . . . . . . . Self-Inflicted Damage 515 | . . . . . 130 385 Shots 10 | . . . . . 2 8 Rammed . | . . . . . . . Targets Rammed . | . . . . . . . Kicked . | . . . . . . . Crushed . | . . . . . . . Highest Temperature 676 | 276 . . . . 392 676 Average Temperature 106 | 120 . . . . 109 96 Received Heat Transfer 449 | . . . . . 336 113 Effects 18 | 3 . . . . 6 9 Shutdowns 6 | . . . . . 1 5 Energy Bleed 1 | . . . . . . 1 Interference 7 | 3 . . . . 4 . Short Circuit 1 | . . . . . 1 . Damage (minor) 1 | . . . . . . 1 Damage (core) 2 | . . . . . . 2 Siege Activations . | . . . . . . . Robots Corrupted 5 | . . . . . 1 4 Combat Hostiles 5 | . . . . . 1 4 Parts Fried 16 | . . . . . 6 10 Impact Corruptions . | . . . . . . . Robots Melted 2 | . . . . . 2 . Combat Hostiles 2 | . . . . . 2 . Parts Melted 18 | 1 . . . . 16 1 Heat Transferred 6205 | 1025 . . . . 4588 592 Parts Sabotaged . | . . . . . . . Parts Stolen . | . . . . . . . Parts Stripped . | . . . . . . . Power Chain Reactions . | . . . . . . . Latent Energy Used 2298 | . . . . . 756 1542 LE Corruption 44 | . . . . . 12 32 Alert | -11 -10 -10 -10 -9 -8 -8 ------- Run | Yrd Mat Min Exi Min Mat Gar Peak Influence 1298 | 25 31 12 . . 769 1298 Initial 502 | . 16 12 . . . 502 Average 477 | 10 18 12 . . 359 901 Maximum Alert Level 4 | . . . . . 3 4 Low Security (%) 32 | 100 100 100 . 100 24 . Level 1 15 | . . . . . 37 . Level 2 25 | . . . . . 34 31 Level 3 11 | . . . . . 4 27 Level 4 14 | . . . . . . 41 Level 5 . | . . . . . . . High Security . | . . . . . . . Max Security . | . . . . . . . Squads Dispatched 6 | . . . . . 6 . Investigation 3 | . . . . . 3 . Extermination . | . . . . . . . Reinforcement 3 | . . . . . 3 . Assault . | . . . . . . . Garrison . | . . . . . . . Intercept . | . . . . . . . Searches Triggered . | . . . . . . . Construction Impeded . | . . . . . . . Haulers Reinforced . | . . . . . . . Active Scanning Responses . | . . . . . . . Cargo Convoy Interrupts . | . . . . . . . Stealth | -11 -10 -10 -10 -9 -8 -8 --------- Run | Yrd Mat Min Exi Min Mat Gar Distress Signals 7 | . . . . . 7 . Communications Jammed . | . . . . . . . Distress Signals . | . . . . . . . Times Spotted 62 | . 1 . . . 35 26 Peak Tracking Total 5 | . 1 . . . 5 4 Tactical Retreats 2 | . . . . . 2 . Traps | -11 -10 -10 -10 -9 -8 -8 ------- Run | Yrd Mat Min Exi Min Mat Gar Traps Triggered 6 | . . . . . 1 5 Indirectly 1 | . . . . . . 1 Trap Hack Attempts . | . . . . . . . Triggered . | . . . . . . . Disarmed . | . . . . . . . Reprogrammed . | . . . . . . . Reused . | . . . . . . . Traps Extracted . | . . . . . . . Installed . | . . . . . . . Triggered . | . . . . . . . Machines | -11 -10 -10 -10 -9 -8 -8 ---------- Run | Yrd Mat Min Exi Min Mat Gar Machines Disabled 4 | . . . . . 4 . Max in Single Turn 2 | . . . . . 2 . Machines Repaired . | . . . . . . . Machines Dismantled . | . . . . . . . Machines Sabotaged . | . . . . . . . Overloaded Fab Kills . | . . . . . . . Hacking | -11 -10 -10 -10 -9 -8 -8 --------- Run | Yrd Mat Min Exi Min Mat Gar Machines Accessed 8 | . . . 2 . 4 2 Terminals 3 | . . . . . 1 2 Fabricators . | . . . . . . . Repair Stations . | . . . . . . . Recycling Units 1 | . . . . . 1 . Scanalyzers 1 | . . . . . 1 . Garrison Access 1 | . . . . . 1 . Total Hacks 20 | . . . 5 . 9 6 Successful 9 | . . . 5 . 3 1 Failed 11 | . . . . . 6 5 Catastrophic 4 | . . . . . 2 2 Database Lockouts . | . . . . . . . Manual 7 | . . . 1 . 6 . Terminals 9 | . . . . . 3 6 Fabricators . | . . . . . . . Repair Stations . | . . . . . . . Recycling Units 3 | . . . . . 3 . Scanalyzers 1 | . . . . . 1 . Garrison Access 2 | . . . . . 2 . Terminal Hacks 6 | . . . 5 . . 1 Record 4 | . . . 4 . . . Open Door 1 | . . . . . . 1 Derelict Proto ID Bank 1 | . . . 1 . . . Fabricator Hacks . | . . . . . . . Repair Station Hacks . | . . . . . . . Recycling Unit Hacks 1 | . . . . . 1 . Retrieve Components 1 | . . . . . 1 . Scanalyzer . | . . . . . . . Garrison Access Hacks 1 | . . . . . 1 . Unlock Access 1 | . . . . . 1 . Unauthorized Hacks 1 | . . . . . 1 . Terminals . | . . . . . . . Fabricators . | . . . . . . . Repair Stations . | . . . . . . . Recycling Units . | . . . . . . . Scanalyzers 1 | . . . . . 1 . Extract 1 | . . . . . 1 . Garrison Access . | . . . . . . . Data Cores Recovered 1 | . . . . . 1 . Used . | . . . . . . . Hacking Detections 5 | . . . . . 3 2 Full Trace Events 3 | . . . . . 2 1 Feedback Events . | . . . . . . . Feedback Blocked . | . . . . . . . Robot Schematics Acquired . | . . . . . . . Robots Built . | . . . . . . . Authchips . | . . . . . . . Time . | . . . . . . . Total Robot Build Rating . | . . . . . . . Part Schematics Acquired 2 | . . . . . 2 . Parts Built . | . . . . . . . Authchips . | . . . . . . . Time . | . . . . . . . Total Part Build Rating . | . . . . . . . Parts Repaired . | . . . . . . . Time . | . . . . . . . Parts Recycled . | . . . . . . . Recycled Matter . | . . . . . . . Retrieved Matter . | . . . . . . . Retrieved Components 9 | . . . . . 9 . Parts Scanalyzed . | . . . . . . . Part Schematics Acquired . | . . . . . . . Parts Damaged . | . . . . . . . Bothacking | -11 -10 -10 -10 -9 -8 -8 ------------ Run | Yrd Mat Min Exi Min Mat Gar Used RIF Installer . | . . . . . . . Robots Hacked . | . . . . . . . Non-combat . | . . . . . . . Combat . | . . . . . . . Robot Hacks Applied . | . . . . . . . Relay Couplers Released . | . . . . . . . Fabnet Peak Effective % . | . . . . . . . Robots Rewired 4 | . . . . . . 4 Allies Hacked . | . . . . . . . Hacks Repelled . | . . . . . . . Allies | -11 -10 -10 -10 -9 -8 -8 -------- Run | Yrd Mat Min Exi Min Mat Gar Total Allies 4 | . . . . . . 4 Largest Group 4 | . . . . . . 4 Highest-Rated Group 113 | . . . . . . 113 Highest-Rated Ally 31 | . . . . . . 31 Total Orders . | . . . . . . . Ally Attacks 20 | . . . . . . 20 Total Damage 341 | . . . . . . 341 Kills 3 | . . . . . . 3 Allies Corrupted . | . . . . . . . Allies Melted . | . . . . . . . Intel | -11 -10 -10 -10 -9 -8 -8 ------- Run | Yrd Mat Min Exi Min Mat Gar Robot Analysis Total . | . . . . . . . Derelict Logs Recovered 1 | . . 1 . . . . Drone Launches . | . . . . . . . Drone Recoveries . | . . . . . . . Exploration | -11 -10 -10 -10 -9 -8 -8 ------------- Run | Yrd Mat Min Exi Min Mat Gar Turns Passed 1961 | 138 53 73 262 109 716 610 Spaces Moved 1297 | 70 56 73 254 100 359 385 Core 3 | 3 . . . . . . Treads 9 | . . . . . 9 . Legs 1 | . . . . . 1 . Wheels 1284 | 67 56 73 254 100 349 385 Hover . | . . . . . . . Flight . | . . . . . . . Fastest Speed 50 | 50 95 95 80 110 100 100 Average Speed 107 | 80 95 95 100 110 117 112 Slowest Speed 240 | 95 95 95 110 110 240 115 Overloaded Moves . | . . . . . . . Propulsion Burnouts . | . . . . . . . Robots Hopped . | . . . . . . . Cave-ins Triggered . | . . . . . . . Exploration Rate (%) 33 | 5 20 18 60 32 41 56 Regions Visited 6 Branch Regions 3 Pre-discovered Areas 1 | . . . 1 . . . Known Exits Taken 1 | . . . . . 1 . Unknown Exits Taken 5 | 1 1 1 1 1 . . Scrap Searched 1 | . . . . 1 . . Spaces Dug 1 | . . . . . 1 . Terrain Destroyed 133 | 1 . . . . 91 41 Melee . | . . . . . . . Projectile 3 | 1 . . . . 2 . AOE 130 | . . . . . 89 41 Terrain Rammed . | . . . . . . . Walls Destroyed . | . . . . . . . Machines Disabled . | . . . . . . . Actions | -11 -10 -10 -10 -9 -8 -8 --------- Run | Yrd Mat Min Exi Min Mat Gar Total 1683 | 100 55 76 260 99 569 524 Wait 105 | 4 . . . . 81 20 Move 1292 | 69 55 72 253 99 359 385 Hop . | . . . . . . . Pick Up 1 | . . . . . 1 . Fast Attach 27 | 8 . 2 3 . 11 3 Attach . | . . . . . . . Detach . | . . . . . . . Swap 3 | . . . . . 3 . Drop 18 | . . 2 4 . 11 1 Fire 128 | 19 . . . . 80 29 Melee . | . . . . . . . Ram . | . . . . . . . Kick . | . . . . . . . Crush . | . . . . . . . Escape Stasis 32 | . . . . . . 32 Rewire 35 | . . . . . . 35 Trap . | . . . . . . . Miscellaneous 42 | . . . . . 23 19 Route ------- -11/Scrapyard -10/Materials -10/Mines -10/Exiles (discovered 2 exits: [*Min x2]) -9/Mines -8/Materials -8/Garrison (discovered 1 exit: [*Mat]) History --------- Turn | Location | Event 4 | -11/Scrapyard | Upgraded with Utility slot (x1) 4 | -11/Scrapyard | Upgraded with Weapon slot (x3) 8 | -11/Scrapyard | Discovered new exit (range 14) 139 | -11/Scrapyard | Entered Materials 178 | -10/Materials | Discovered new exit (range 16) 192 | -10/Materials | Entered Mines 197 | -10/Mines | Learned Materials emergency access door positions 221 | -10/Mines | Met a Derelict bent on vengeance 261 | -10/Mines | Deemed a non-threat by the Exiles lab entrance 261 | -10/Mines | Discovered new exit (range 5) 265 | -10/Mines | Entered Exiles 278 | -10/Exiles | Discovered new exit (range 15) 289 | -10/Exiles | Met 8R-AWN 305 | -10/Exiles | Met EX-HEX 342 | -10/Exiles | Met EX-DEC 346 | -10/Exiles | Learned location of Zion (-6) 362 | -10/Exiles | Met EX-BIN 378 | -10/Exiles | Aligned with FarCom system 379 | -10/Exiles | Given EX-Vault access code 401 | -10/Exiles | Opened EX-Vault 409 | -10/Exiles | Found Modified TNC 414 | -10/Exiles | Found AWS/Thermal 417 | -10/Exiles | Found Latent Energy Streamer 441 | -10/Exiles | Warned to stay clear of 0b10 Research branches 512 | -10/Exiles | Discovered new exit (range 14) 514 | -10/Exiles | Build established: Gunner 527 | -10/Exiles | Stole three prototypes: Modified TNC, AWS/Thermal, Latent Energy Streamer 527 | -10/Exiles | Entered Mines 621 | -9/Mines | Discovered new exit (range 15) 636 | -9/Mines | Entered Materials 638 | -8/Materials | Reached level 2 710 | -8/Materials | Reached level 3 719 | -8/Materials | Upgraded with Weapon slot (x1) 820 | -8/Materials | Build established: Skirmisher 837 | -8/Materials | Core integrity fell below 50% 889 | -8/Materials | Upgraded with Propulsion slot (x1) 889 | -8/Materials | Upgraded with Utility slot (x1) 954 | -8/Materials | Reached level 4 1242 | -8/Materials | Reached level 5 1243 | -8/Materials | Core integrity fell below 20% 1243 | -8/Materials | System corruption reached 10% 1352 | -8/Materials | Identified exit to Garrison 1352 | -8/Materials | Entered Garrison 1354 | -8/Garrison | Reached level 6 1400 | -8/Garrison | Triggered checkpoint 1430 | -8/Garrison | Upgraded with Power slot (x2) 1433 | -8/Garrison | System corruption reached 30% 1538 | -8/Garrison | Triggered checkpoint 1636 | -8/Garrison | Triggered checkpoint 1642 | -8/Garrison | Reached level 7 1686 | -8/Garrison | Triggered checkpoint 1696 | -8/Garrison | Triggered checkpoint 1708 | -8/Garrison | Triggered checkpoint 1717 | -8/Garrison | Destroyed 7 combat bots 1742 | -8/Garrison | Discovered new exit (range 12) 1774 | -8/Garrison | Triggered checkpoint 1774 | -8/Garrison | Reached level 8 1907 | -8/Garrison | Build established: Scavenger-Tank 1963 | -8/Garrison | Core destroyed Last Messages --------------- Aluminum Leg. 01957_ G-47 Trooper overheating. 01958_ Overheating: Core damaged (-84). 01958_ System corrupted: Matter fused (-6). 01958_ G-47 Trooper overheating. 01958_ System corrupted: Med. Laser failed to cycle. 01958_ System corrupted: Beam Rifle failed to cycle. 01959_ Overheating: Energy bleed (-55). 01959_ G-47 Trooper heat damages core (-9). 01959_ G-47 Trooper overheating. 01961_ Power failure, Imp. Ion Engine shutdown. 01962_ Overheating: Beam Rifle damaged (-17). 01962_ Destroyed Lgt. Nuclear Core. 01962_ G-47 Trooper destroyed. 01963_ Power failure, Backup Power I shutdown. 01963_ Power failure, Lgt. Angular Momentum Engine shutdown. 01963_ Overheating: Core damaged (-102). Map ----- +----------------------------------------------------+ | ?????????????????????????????????????????????????? | | ?????????????????????????????????????????????????? | | ?????????????????????????????????????????????????? | | ?????????????????????????????????????????????????? | | ?????????????????????????????????????????????????? | | ?????????????????????????????????????????????????? | | ?????????????????????????????????????????????????? | | ?????????????????????????????????????????????????? | | ?????????????????????????????????????????????????? | | ?????????????????????????????????????????????????? | | ?????????????????????????????????????????????????? | | ?????????????????????????????????????????????????? | | ?????????????????????????????????????????????????? | | ?????????????????????????????????????????????????? | | ?????????????????????????????????????????????????? | | ?????????###?????????????????#???????????????????? | | ?????????# ???????????????? #???????????????????? | | ?????????# ???????????????? #???????????????????? | | ?????????# ###????????????? #???????????????????? | | ?????????# #???????????? #???????????????????? | | ?????????# #???????##### #???????????????????? | | ?????????## #??????## # #???????????????????? | | ??????????## #########;; % ##??????????????????? | | ???????????# /%= =%= ### """????????????? | | ???????????# % =![ ; ???????????????? | | ???????????# ^########## @%/##???????????????????? | | ???????????# #??????# #???????????????????? | | ???????????# #??????# #???????????????????? | | ???????????# #??????#### ##???????????????????? | | ???????????# #?????????; ###????????????????????? | | ?????####### #?????????# #????g?????????????????? | | ?????#%=%[## #?????????# #??????????????????????? | | ######**=%## ##????????# ??????????????????????? | | # [%=[%* #????????# #??????????????????????? | | == #????????? ???????????????????????? | | #????????? ???????????????????????? | | # ## ## #????????? ???????????????????????? | | # ## ## ###???????"???????????????????????? | | % * #???????#???????????????????????? | | % ==#???????????????????????????????? | | [ %=#???????????????????????????????? | | [ #??#????????????????????????????? | | # ## ## ### #????????????????????????????? | | # ## ## """ ###???????????????????????????? | | # ??????????????????????????? | | # ==[*= ??????????????????????????? | | # =%%%[ ??????????????????????????? | | # ##*=[ ###"""" ##???????????????????????????? | | # ##* #?? # # ##????????????????????????????? | | # ^#######?? ####?#?????????????????????????????? | +----------------------------------------------------+ Best States ------------- Heat Dissipation 25 Energy Generation 39 Energy Capacity 415 Matter Stores 300 Matter Capacity 300 Sight Range 16 Terrain Scan Range 16 Terrain Scan Density 10 Armor Coverage 150 Resistance: EM 15 Power Shielding 33 Utility Shielding 33 Weapon Shielding 66 Evasion (%) 44 Recoil Reduction 1 Item Schematics ----------------- Trap Scanner | -8/Materials | Extracted Lgt. Cannon | -8/Materials | Extracted Robot Schematics ------------------ None Fabricated ------------ Nothing Alien Tech Used ----------------- None Achievements -------------- None Challenges ------------ None RPGLIKE | -11 -10 -10 -10 -9 -8 -8 --------- Run | Yrd Mat Min Exi Min Mat Gar Levels Raised 7 | . . . . . 4 3 XP Earned 14460 | 3000 . 500 350 500 5632 4478 XP Spent 8425 | 2900 . . . . 4225 1300 Upgrades 14 | 4 . . . . 8 2 Power Slot 2 | . . . . . . 2 Propulsion Slot 1 | . . . . . 1 . Utility Slot 2 | 1 . . . . 1 . Weapon Slot 4 | 3 . . . . 1 . Energy Generation 2 | . . . . . 2 . Energy Storage 2 | . . . . . 2 . Inventory Capacity 1 | . . . . . 1 . Protomatter Created 556 | . . . . . 328 228 Integrity Restored 867 | . . . . . 453 414 Core 859 | . . . . . 445 414 Parts 8 | . . . . . 8 . Protomatter Decayed 56 | . . . . . 35 21 Game ------ Seed ThermoelectricSpreadWheel Manual? 0 Play Time 00:15:58 Cumulative 654.7 hours Start 2024.03.26 @ 07:02:45 End 2024.03.26 @ 07:18:34 Sessions 1 Manual Loads 0 Difficulty Rogue Special Mode Winter2019/RPGLIKE Game No. 256 Rogue 232 Adventurer 3 Explorer 21 Win Type - Total 15 Types 10/2/1/1/0/1/0/0/0 Lore% 90 Gallery% 96 Achievement% 83 Wizard Run 0 Options --------- Layout 2 ASCII 0 Keyboard 0 Movement Numpad Keybinds 0 Fullscreen 2 Font 24/Smallcaps Map View 50x44 Zoom Use 0% Tactical HUD 1 Map Filters NONE Filters NONE Steam X RUN: 3cd2d492-461a-4b99-8a42-3df206878a8f